 Dungeon Crawl Stone Soup version 0.31.0-9-g3a7656b989 (webtiles) character file.

Game seed: 10987602219213379757

2 Eitelfritz the Slasher (level 1, -1/18 HPs)
             Began as a Minotaur Gladiator on Jan 26, 2024.
             Slain by a hobgoblin (4 damage)
             ... on level 1 of the Dungeon.
             The game lasted 00:00:15 (79 turns).

Eitelfritz the Slasher (Minotaur Gladiator)           Turns: 79, Time: 00:00:15

Health: -1/18      AC:  3    Str: 18    XL:     1   Next: 33%
Magic:  0/0        EV: 12    Int:  5    God:
Gold:   12         SH:  0    Dex: 11    Spells: 0/0 levels left

rFire   . . .        a - +0 long sword
rCold   . . .        (no shield)
rNeg    . . .        b - +0 leather armour
rPois   +            c - +0 hat
rElec   .            (no cloak)
rCorr   .            (no gloves)
SInv    .            (no boots)
Will    .....        (no amulet)
Stlth   +            g - ring of poison resistance
HPRegen 0.23/turn    (no ring)
MPRegen 0.07/turn

%: no passive effects
@: no status effects
A: horns 2, retaliatory headbutt
a: no special abilities


You were on level 1 of the Dungeon.
You visited 1 branch of the dungeon, and saw 1 of its levels.

You collected 12 gold pieces.

Inventory:

Hand Weapons
 a - a +0 long sword (weapon)
Missiles
 d - 3 throwing nets (quivered)
 e - a javelin
Armour
 b - a +0 leather armour (worn)
 c - a +0 hat (worn)
Jewellery
 g - a ring of poison resistance (left hand)
Potions
 f - 2 potions of curing {unknown}


   Skills:
 + Level 2.4 Fighting
 + Level 3.8 Long Blades
 + Level 2.0 Throwing
 + Level 0.2 Armour
 + Level 3.2 Dodging


You couldn't memorise any spells.
You didn't know any spells.
Your spell library was empty.

Dungeon Overview and Level Annotations

Branches:
Dungeon (1/15)

Altars:


Innate Abilities, Weirdness & Mutations

You have a pair of horns on your head.
You reflexively headbutt those who attack you in melee.


Message History

The ball python closely misses you. The hobgoblin barely misses you.
The ball python bites you. The ball python grabs you.
The ball python constricts you.
You closely miss the ball python.
The hobgoblin hits you but does no damage.
The ball python bites you. The ball python constricts you.
The hobgoblin hits you.
You barely miss the ball python. The ball python completely misses you.
The ball python constricts you. The hobgoblin hits you.
The ball python completely misses you. The ball python constricts you.
You closely miss the ball python. The ball python bites you.
The ball python constricts you. The hobgoblin closely misses you.
You closely miss the ball python. The ball python bites you.
The ball python constricts you.
The hobgoblin hits you but does no damage.
The ball python closely misses you. You furiously retaliate!
You headbutt the ball python. The ball python constricts you.
You hit the ball python but do no damage.
The ball python is moderately wounded.
The hobgoblin hits you.
* * * LOW HITPOINT WARNING * * *
The ball python bites you.
* * * LOW HITPOINT WARNING * * *
The ball python constricts you.
* * * LOW HITPOINT WARNING * * *
The hobgoblin closely misses you.
You hit the ball python.
You kill the ball python!
The hobgoblin barely misses you. The hobgoblin hits you.
* * * LOW HITPOINT WARNING * * *
You see here a ball python corpse.
You barely miss the hobgoblin. The hobgoblin closely misses you.
You closely miss the hobgoblin. Your headbutt misses the hobgoblin.
The hobgoblin hits you.
* * * LOW HITPOINT WARNING * * *
You hit the hobgoblin.
The hobgoblin is moderately wounded.
The hobgoblin hits you.
You die...

#.### .... ... .#.##
#... ...#####...#. .$.
.............####..
......##.#....##..######
.........#..............
##.............>@.....#
.........#.##..g.####..#
#.##...#.#.............#
.........###............
#........# #.....###..##
####....## #.....# ...
####.####.##### ##
#......# ########


You could see a hobgoblin.

Vanquished Creatures
  A hobgoblin (D:1)
  A ball python (D:1)
  A bat (D:1)
3 creatures vanquished.

Notes
Turn   | Place    | Note
-------+----------+-------------------------------------------
     0 | D:1      | Eitelfritz the Minotaur Gladiator began the quest for the
                  | Orb.
     0 | D:1      | Reached XP level 1. HP: 18/18 MP: 0/0
    79 | D:1      | Slain by a hobgoblin

Illustrated notes

Levels and vault maps discovered:
D:1:      dpeg_arrival_round_c, layout_basic

Action                     || total
---------------------------++-------
  Melee: Long sword        ||    15
 Armour: Leather armour    ||    18
  Dodge: Dodged            ||    15
